Map: Ley Lines

Players

Sindyr

  • Race: Terran Terran
  • League: Master
  • Spawn Location: 1:00

Iiililliilli - Winner!

  • Race: Zerg Zerg
  • League: Gold
  • Spawn Location: 7:00

VOD

Have the link to the VOD?

Description

Time

  • Played on: Oct. 6, 2025, 9:31 p.m.
  • Length: 4:05
Show
View Real Time Build Order
Export as new Build Order

Sindyr Terran 

Build Orders:  

Get SALT Encoding   

  12  0:02  SCV  
  13  0:14  SCV  
  14  0:22  Supply Depot  
  14  0:27  SCV  
  15  0:43  SCV  
  15  0:45  Barracks  
  16  0:51  Refinery  
  16  0:55  SCV  
  17  1:08  SCV  
  18  1:20  SCV  
  19  1:32  Orbital Command  
  19  1:36  Barracks Reactor  
  19  1:43  Command Center  
  19  2:00  SCV  
  20  2:06  Supply Depot  
  20  2:15  Barracks  
  20  2:16  SCV  
  20  2:17  Barracks  
  21  2:28  Marine x2, SCV  
  24  2:40  SCV  
  25  2:44  Bunker  
  25  2:52  SCV  
  25  2:55  Orbital Command  
  26  3:03  Barracks Tech Lab  
  26  3:04  Barracks Tech Lab  
  26  3:05  SCV  
  27  3:17  Refinery, SCV  
  28  3:28  SCV  
  28  3:29  SCV  
  30  3:40  SCV  
  30  3:41  SCV  
  32  3:52  SCV  
  34  3:56  Refinery  
Show
View Real Time Build Order
Export as new Build Order

Iiililliilli Zerg - Winner!

Build Orders: Pool First 

Get SALT Encoding   

  12  0:00  Drone  
  13  0:12  Overlord  
  13  0:18  Drone  
  14  0:30  Drone  
  14  0:31  Drone  
  16  0:41  Drone  
  17  0:45  Spawning Pool  
  17  0:47  Drone  
  17  1:09  Hatchery  
  17  1:11  Drone  
  17  1:20  Extractor  
  16  1:25  Extractor  
  16  1:26  Drone x2  
  17  1:34  Queen  
  17  1:38  Zergling x2  
  20  1:56  Zergling x2, Overlord  
  21  2:03  Zergling x2  
  22  2:09  Metabolic Boost  
  22  2:18  Baneling Nest  
  22  2:20  Zergling x2  
  22  2:32  Drone x2  
  22  2:33  Zergling x2  
  22  2:36  Zergling x2  
  26  2:46  Zergling x4  
  26  2:47  Zergling x2  
  26  2:49  Zergling x2  
  30  2:55  Zergling x2  
  30  2:56  Zergling x2  
  32  3:00  Zergling x2  
  32  3:04  Zergling x2  
  34  3:10  Zergling x2  
  35  3:13  Zergling x2  
  35  3:15  Overlord  
  36  3:36  Baneling x2  
  36  3:37  Baneling x3  
  36  3:41  Baneling  
  36  3:43  Zergling x6  
  36  3:44  Zergling x6  
Tags
 
Matchup
TvZ
Opening
Pool First
Replay Pack
Multiplayer
Spawn Locations
Cross Positions
Add a new tag
Caveats
  • Supply blocks, unpowered buildings, or Contaminate may cause inaccurate times.
  • Supply counts are checked every 10 seconds.